 Dungeon Crawl Stone Soup version bcrawl-1.13.5 (webtiles) character file.

Game seed: 5699758929396630035

3411 Anmu the Destroyer (level 10, -8/56 HPs)
             Began as a Fairy Conjurer on Sept 3, 2019.
             Was a Follower of Sif Muna.
             Mangled by a slime creature (17 damage)
             ... on level 7 of the Dungeon.
             The game lasted 00:14:05 (5226 turns).

Anmu the Destroyer (Fairy Conjurer)                 Turns: 5226, Time: 00:14:05

Health: -8/56      AC:  6    Str:  6    XL:     10   Next: 4%
Magic:  4/26       EV: 26    Int: 21    God:    Sif Muna [*.....]
Gold:   564        SH:  6    Dex: 14    Spells: 26/30 levels left

rFire    . . .     SeeInvis .   r - +3 war axe of Bloodstone {freeze, +Fly rC+}
rCold    + . .     Gourm    .   (shield restricted)
rNeg     . . .     Faith    .   (armour unavailable)
rPois    .         Spirit   .   (no helmet)
rElec    .         Reflect  .   (no cloak)
rCorr    +         Harm     .   (no gloves)
MR       +....                  (no boots)
Stlth    +.........             (no amulet)
HPRegen  0.18/turn              f - +4 ring of evasion
MPRegen  0.20/turn              j - ring of resist corrosion

@: flying evasively
A: small, magic attunement, unstealthy, unfitting armour, able to fly, AC/SH +6
a: Stop Flying, Divine Energy, Renounce Religion


You were on level 7 of the Dungeon.
You worshipped Sif Muna.
Sif Muna was aware of your devotion.
You were not hungry.

You visited 2 branches of the dungeon, and saw 8 of its levels.

You collected 564 gold pieces.

Inventory:

Hand Weapons
 r - the +3 war axe of Bloodstone (weapon) {freeze, +Fly rC+}
   (You found it on level 5 of the Dungeon)

   It has been specially enchanted to freeze those struck by it, causing extra
   injury to most foes and up to half again as much damage against particularly
   susceptible opponents.
   It can also slow down cold-blooded creatures.
   It protects you from cold.
   It lets you fly.
Jewellery
 f - a +4 ring of evasion (left hand)
 j - a ring of resist corrosion (right hand)
 l - an uncursed ring of stealth
Wands
 i - a wand of paralysis (8)
Scrolls
 a - 5 scrolls of identify
 d - a scroll of enchant armour
 e - 2 scrolls of enchant weapon
 g - 3 scrolls of remove curse
 h - a scroll of amnesia
 m - a scroll of fog {unknown}
 n - 5 scrolls of teleportation
Potions
 c - 4 potions of agility
 k - 3 potions of brilliance
 p - a potion of heal wounds
Comestibles
 b - 11 rations {!d}


   Skills:
 * Level 8.6 Dodging
 + Level 2.8 Stealth
 + Level 10.5 Spellcasting
 + Level 10.7 Conjurations
 + Level 2.4 Evocations


You had 26 spell levels left.
You knew the following spells:

 Your Spells              Type           Power        Failure   Level  Hunger
a - Magic Dart            Conj           ####         1%          1    None
b - Iskenderun's Mystic   Conj           ######..     1%          3    None

Your spell library contained the following spells:

 Spells                   Type           Power        Failure   Level  Hunger
 Searing Ray              Conj           ######       1%          2    None
 Stone Arrow              Conj/Erth      ####..       1%          3    None
 Fulminant Prism          Conj/Hex       ####......   7%          4    None
 Sticky Flame             Conj/Fire      ####....     7%          4    None
 Irradiate                Conj/Tmut      ####......   19%         5    None
 Yara's Violent Unravell  Hex/Tmut       ##........   52%         4    None
 Icicle Burst             Conj/Ice       ####......   99%         7    None


Dungeon Overview and Level Annotations

Branches:
Dungeon (7/12)             Temple (1/1) D:7
   Lair: D:7-9

Altars:
Ashenzari
Dithmenos
Elyvilon
Gozag
Hepliaklqana
Kikubaaqudgha
Lugonu
Okawaru
Qazlal
Ru
Sif Muna
Trog
Uskayaw
Wu Jian
Yredelemnul
Zin
The Shining One


Innate Abilities, Weirdness & Mutations

Your spells do not cause hunger and MP costs are reduced by 1.
Your bright wings attract enemies. (Stealth-)
You cannot fit into any form of body armour.
Your shimmering scales are hard and can block incoming attacks. (AC +6, SH +6)
You are small and have problems with some larger weapons.
You can fly continuously.


Message History

The slime creature is severely wounded.
The slime creature hits you.
* * * LOW HITPOINT WARNING * * *
Casting: Magic Dart (safe; 1% risk of failure)
Confirm with . or Enter, or press ? or * to list all spells.
Aiming: Magic Dart (safe; 1% risk of failure)
Press: ? - help, Shift-Dir - straight line, f/p - slime creature
Aim: a slime creature (severely wounded)
The magic dart hits the slime creature.
The slime creature is severely wounded.
The slime creature misses you.
Casting: Magic Dart (safe; 1% risk of failure)
Confirm with . or Enter, or press ? or * to list all spells.
Aiming: Magic Dart (safe; 1% risk of failure)
Press: ? - help, Shift-Dir - straight line, f/p - slime creature
Aim: a slime creature (severely wounded)
The magic dart hits the slime creature.
The slime creature is almost dead.
The slime creature hits you!
You die...

##.#######.##.# ##
##.............# #.
##..#...#..#J##.### #. #.#
##..##...##........# ##. #.#
#..##.....##..J#.#.###.# #.#
#.##..#.#..##.........## #.#
#....##.##.....#.#.###.# #.#
##...##...##........# ##. #.#
#.......@......##...# #. #.#
#....##..J##...##..## #. ##.##
#.....##.##....##..# #.
##...####..##..#.#..##.##..#####.
............##.....##..<.........
#....######..##...##..###..######
#.#### ##..#...#..## #..### #.##
######........## #....# # ...#
#.........#...######.#.# #


You could see a slime creature.

Vanquished Creatures
  A hippogriff (D:6)
  4 slime creatures (D:7)
  An ice beast (D:5)
  3 sky beasts
  An ogre (D:6)
  An orc warrior (D:7)
  3 phantoms
  2 centaurs (D:5)
  A big kobold (D:7)
  3 bullfrogs (D:6)
  4 scorpions
  A howler monkey (D:5)
  6 crimson imps
  A centaur zombie (D:5)
  2 hounds (D:6)
  A gnoll shaman (D:6)
  3 orc priests
  3 bullfrog skeletons
  A bullfrog zombie (D:6)
  A centaur skeleton (D:6)
  5 orc wizards
  6 worker ants
  A howler monkey zombie (D:7)
  An adder (D:4)
  6 gnolls
  3 oozes
  An adder skeleton (D:5)
  2 adder zombies
  4 worms
  2 dart slugs
  2 leopard geckos
  15 orcs
  3 giant cockroaches
  6 goblins
  11 hobgoblins
  4 jackals (D:1)
  9 quokkas
  A ball python (D:2)
  5 bats
  A frilled lizard (D:2)
  8 kobolds
  A leopard gecko skeleton (D:5)
  5 rats
145 creatures vanquished.

Notes
Turn   | Place    | Note
-------+----------+-------------------------------------------
     0 | D:1      | Anmu the Fairy Conjurer began the quest for the Orb.
     0 | D:1      | Reached XP level 1. HP: 11/11 MP: 6/6
    81 | D:1      | Reached skill level 5 in Conjurations
   115 | D:1      | Reached XP level 2. HP: 17/17 MP: 7/7
   288 | D:1      | Reached XP level 3. HP: 21/21 MP: 9/9
   293 | D:1      | Learned a level 3 spell: Iskenderun's Mystic Blast
   690 | D:2      | Reached XP level 4. HP: 27/27 MP: 5/10
   877 | D:2      | Found an iron altar of Okawaru.
   877 | D:2      | Found a hazy altar of Hepliaklqana.
  1241 | D:3      | Noticed a phantom
  1248 | D:3      | Killed a phantom
  1248 | D:3      | Reached XP level 5. HP: 31/31 MP: 5/13
  1346 | D:3      | Noticed a phantom
  1351 | D:3      | Killed a phantom
  1351 | D:3      | Reached XP level 6. HP: 36/36 MP: 7/15
  1514 | D:3      | Reached skill level 5 in Spellcasting
  2053 | D:4      | Reached skill level 5 in Dodging
  2063 | D:4      | Reached XP level 7. HP: 41/41 MP: 8/17
  2700 | D:5      | Entered Level 5 of the Dungeon
  2863 | D:5      | Found a stormy altar of Qazlal.
  2864 | D:5      | Reached XP level 8. HP: 46/46 MP: 17/20
  3084 | D:5      | Got a slimy war axe
  3085 | D:5      | Identified the +3 war axe of Bloodstone {freeze, +Fly rC+}
                  | (You found it on level 5 of the Dungeon)
  3430 | D:5      | Found an ornate altar of the Wu Jian Council.
  3767 | D:6      | Identified Opsoj's Compendium of Bewitchment and Blows and
                  | Bruises
  3977 | D:6      | Reached XP level 9. HP: 43/51 MP: 23/23
  4555 | D:7      | Found a staircase to the Ecumenical Temple.
  4563 | Temple   | Entered the Ecumenical Temple
  4633 | Temple   | Became a worshipper of Sif Muna the Loreminder
  4690 | D:7      | Reached skill level 10 in Conjurations
  4977 | D:7      | Reached skill level 1 in Evocations
  5011 | D:7      | Reached skill level 10 in Spellcasting
  5205 | D:7      | Reached * piety under Sif Muna
  5209 | D:7      | Identified Sif Muna's Compendium of Burning Toxins (Sif
                  | Muna gifted it to you on level 7 of the Dungeon)
  5209 | D:7      | Received a gift from Sif Muna
  5214 | D:7      | Reached XP level 10. HP: 21/56 MP: 2/26
  5220 | D:7      | HP: 2/56 [slime creature (14)]
  5226 | D:7      | Mangled by a slime creature

Skill      XL: |  1  2  3  4  5  6  7  8  9 |
---------------+----------------------------+-----
Conjurations   | 5 6 7 8 9 10 | 10.7
Dodging        | 3 4 5 7 8 |  8.6
Spellcasting   | 3 4 5 6 8 10 | 10.5
Stealth        | 2 |  2.8
Evocations     | 2 |  2.4

Action                   |  1- 3 |  4- 6 |  7- 9 | 10-12 || total
-------------------------+-------+-------+-------+-------++-------
Melee: War axe           |       |       |     3 |       ||     3
 Cast: Magic Dart        |    53 |    66 |   144 |    12 ||   275
       Iskenderun's Myst |     6 |    23 |   129 |       ||   158
Evoke: Wand              |       |       |    19 |       ||    19
  Use: Scroll            |       |       |    12 |       ||    12
       Potion            |       |       |     3 |     1 ||     4
  Eat: Chunk             |       |     2 |     7 |       ||     9
       Ration            |       |       |     1 |       ||     1
Armor: Skin              |     3 |     1 |    13 |     1 ||    18
Dodge: Dodged            |    21 |     9 |    88 |     4 ||   122
Block: Other             |     3 |     2 |    29 |     3 ||    37
